General information
- name: BNet
- type: Ladder team game (AT/RT)
- host: Battle.net
- saver: TRUMP-WINS-WOOT
map: TwilightRuins
- players: 8
- length: 25:42
- speed: Fast
- version: 1.27 W3XP
- replay type: Public
» download(203 KB)
Players
team 1 (winner)
ajr1234 (
blue | 51 APM | 1304 actions | 25:40)
4 Warden
2 Shadow Strike
2 Fan of Knives
3 Priestess of the Moon
1 Scout
2 Trueshot Aura
» actions
| Build / train | 80 | |
| Enter build submenu | 26 | |
| Enter hero's abilities submenu | 7 | |
| Give item / drop item | 1 | |
| Remove unit from queue | 2 | |
| Right click | 640 | |
| Select / deselect | 473 | |
| Use ability | 75 | |
1304 total
» units
| Wisp | 28 | |
| Huntress | 1 | |
| Archer | 9 | |
| Hippogryph | 10 | |
| Chimaera | 7 | |
55 total
» upgrades
| Ultravision | 1 | |
| Hippogryph Taming | 1 | |
| Improved Bows | 1 | |
| Nature's Blessing | 1 | |
| Strength of the Wild | 3 | |
| Reinforced Hides | 1 | |
| Corrosive Breath | 1 | |
| Marksmanship | 1 | |
| Druid of the Talon Training | 1 | |
11 total
» buildings
| Altar of Elders | 1 | |
| Moon Well | 5 | |
| Hunter's Hall | 1 | |
| Ancient of War | 1 | |
| Tree of Ages | 1 | |
| Ancient Protector | 7 | |
| Ancient of Wind | 2 | |
| Tree of Eternity | 1 | |
| Chimaera Roost | 2 | |
| Tree of Life | 3 | |
| Ancient of Wonders | 1 | |
25 total
» build order
00:16 Altar of Elders
00:20 Moon Well
01:28 Hunter's Hall
01:48 Ancient of War
02:00 Moon Well
02:53 Tree of Ages
03:39 Ancient Protector
03:51 Moon Well
06:02 Ancient of Wind
06:25 Ancient of Wind
06:29 Tree of Eternity
09:25 Moon Well
09:29 Chimaera Roost
10:48 Moon Well
14:47 Tree of Life
15:21 Ancient of Wonders
16:17 Ancient Protector
18:08 Ancient Protector
18:09 Ancient Protector
18:40 Ancient Protector
19:08 Tree of Life
22:22 Chimaera Roost
23:46 Tree of Life
24:05 Ancient Protector
24:11 Ancient Protector
» items
Switched (
purple | 60 APM | 1541 actions | 25:40)
6 Archmage
3 Summon Water Elemental
2 Brilliance Aura
1 Mass Teleport
5 Paladin
3 Holy Light
2 Divine Shield
» actions
| Assign group hotkey | 36 | |
| Basic commands | 8 | |
| Build / train | 113 | |
| Enter build submenu | 33 | |
| Enter hero's abilities submenu | 11 | |
| Give item / drop item | 1 | |
| Right click | 533 | |
| Select / deselect | 372 | |
| Select group hotkey | 334 | |
| Use ability | 100 | |
1541 total
» units
| Peasant | 24 | |
| Footman | 12 | |
| Rifleman | 11 | |
| Priest | 3 | |
| Flying Machine | 26 | |
76 total
» upgrades
| Lumber Harvesting | 1 | |
| Priest Training | 1 | |
| Flak Cannons | 1 | |
| Flying Machine Bombs | 1 | |
| Gunpowder | 2 | |
| Plating | 1 | |
| Armor | 1 | |
8 total
» buildings
| Farm | 25 | |
| Scout Tower | 9 | |
| Barracks | 3 | |
| Arcane Tower | 1 | |
| Altar of Kings | 1 | |
| Lumber Mill | 2 | |
| Arcane Vault | 2 | |
| Guard Tower | 7 | |
| Town Hall | 3 | |
| Keep | 2 | |
| Blacksmith | 2 | |
| Castle | 1 | |
| Arcane Sanctum | 1 | |
| Workshop | 2 | |
61 total
» build order
00:08 Farm
00:12 Scout Tower
00:42 Barracks
00:47 Arcane Tower
00:54 Farm
01:34 Altar of Kings
02:12 Lumber Mill
02:23 Farm
04:11 Farm
04:16 Scout Tower
04:17 Scout Tower
04:41 Arcane Vault
04:48 Guard Tower
05:19 Town Hall
05:24 Scout Tower
05:25 Scout Tower
05:25 Scout Tower
05:27 Scout Tower
05:28 Scout Tower
05:28 Scout Tower
05:42 Guard Tower
05:46 Farm
05:57 Keep
06:12 Farm
06:13 Farm
06:41 Guard Tower
06:42 Guard Tower
06:43 Guard Tower
07:06 Blacksmith
07:30 Guard Tower
08:30 Castle
08:58 Arcane Sanctum
10:18 Workshop
10:28 Farm
10:29 Farm
10:30 Farm
11:55 Workshop
16:32 Arcane Vault
16:52 Town Hall
17:32 Farm
17:55 Farm
17:56 Farm
17:57 Farm
19:54 Town Hall
20:00 Lumber Mill
20:04 Farm
20:05 Farm
20:06 Farm
20:07 Farm
20:45 Farm
20:46 Farm
20:48 Farm
22:37 Barracks
22:44 Barracks
23:19 Blacksmith
23:35 Farm
23:35 Farm
24:03 Keep
25:15 Farm
25:16 Farm
» items
| Scroll of Regeneration | 1 | |
| Mantle of Intelligence +3 | 1 | |
| Pendant of Energy | 1 | |
| Claws of Attack +6 | 1 | |
| Boots of Speed | 1 | |
5 total
TRUMP-WINS-WOOT (
orange | 92 APM | 2353 actions | 25:42)
5 Blademaster
3 Wind Walk
2 Critical Strike
5 Shadow Hunter
2 Hex
3 Healing Wave
» actions
| Assign group hotkey | 38 | |
| Basic commands | 8 | |
| Build / train | 59 | |
| Enter build submenu | 19 | |
| Enter hero's abilities submenu | 10 | |
| Give item / drop item | 2 | |
| Remove unit from queue | 1 | |
| Right click | 1110 | |
| Select / deselect | 178 | |
| Select group hotkey | 808 | |
| Use ability | 120 | |
2353 total
» units
| Peon | 9 | |
| Goblin Shredder | 1 | |
| Wind Rider | 8 | |
| Troll Batrider | 3 | |
| Raider | 2 | |
23 total
» upgrades
| Ranged Weapons | 2 | |
| Armor | 2 | |
| Reinforced Defenses | 1 | |
| Envenomed Spears | 1 | |
| Ensnare | 1 | |
| Melee Weapons | 2 | |
| Liquid Fire | 1 | |
10 total
» buildings
| Altar of Storms | 1 | |
| Orc Burrow | 8 | |
| Voodoo Lounge | 1 | |
| Stronghold | 1 | |
| War Mill | 2 | |
| Great Hall | 1 | |
| Beastiary | 3 | |
| Watch Tower | 20 | |
| Fortress | 1 | |
38 total
» build order
00:07 Altar of Storms
00:23 Orc Burrow
00:37 Voodoo Lounge
02:12 Stronghold
02:27 War Mill
02:53 Orc Burrow
02:55 Orc Burrow
02:56 Orc Burrow
04:27 Great Hall
05:15 Beastiary
06:18 Beastiary
06:46 Watch Tower
06:46 Watch Tower
06:47 Watch Tower
07:06 Watch Tower
07:32 Watch Tower
08:30 Fortress
09:45 Beastiary
10:07 Orc Burrow
10:07 Orc Burrow
10:33 Watch Tower
10:33 Watch Tower
10:35 Watch Tower
10:35 Watch Tower
10:37 Watch Tower
10:38 Watch Tower
14:11 Orc Burrow
20:14 Watch Tower
20:15 Watch Tower
20:15 Watch Tower
20:15 Watch Tower
20:16 Watch Tower
20:16 Watch Tower
21:52 War Mill
21:53 Orc Burrow
23:30 Watch Tower
23:31 Watch Tower
23:31 Watch Tower
» items
| Healing Salve | 4 | |
| Lesser Clarity Potion | 1 | |
| Scroll of Town Portal | 4 | |
| Orb of Lightning | 1 | |
10 total
AmericaTheDerp (
pink | 132 APM | 3384 actions | 25:40)
7 Warden
3 Shadow Strike
3 Blink
1 Spirit of Vengeance
4 Keeper of the Grove
2 Entangling Roots
2 Thorns Aura
» actions
| Assign group hotkey | 30 | |
| Basic commands | 73 | |
| Build / train | 106 | |
| Enter build submenu | 30 | |
| Enter hero's abilities submenu | 11 | |
| Give item / drop item | 4 | |
| Remove unit from queue | 3 | |
| Right click | 1777 | |
| Select / deselect | 462 | |
| Select group hotkey | 747 | |
| Use ability | 141 | |
3384 total
» units
| Wisp | 40 | |
| Archer | 4 | |
| Druid of the Talon | 5 | |
| Dryad | 5 | |
| Druid of the Claw | 3 | |
| Hippogryph | 2 | |
59 total
» upgrades
| Improved Bows | 1 | |
| Druid of the Claw Training | 2 | |
| Strength of the Wild | 2 | |
| Nature's Blessing | 1 | |
| Mark of the Claw | 1 | |
| Abolish Magic | 1 | |
| Druid of the Talon Training | 2 | |
| Well Spring | 1 | |
| Reinforced Hides | 1 | |
12 total
» buildings
| Altar of Elders | 1 | |
| Moon Well | 15 | |
| Ancient of War | 2 | |
| Tree of Life | 4 | |
| Tree of Ages | 1 | |
| Hunter's Hall | 1 | |
| Ancient of Wind | 1 | |
| Ancient of Lore | 2 | |
| Tree of Eternity | 1 | |
| Ancient of Wonders | 1 | |
29 total
» build order
00:06 Altar of Elders
00:21 Moon Well
00:29 Ancient of War
01:37 Moon Well
03:03 Tree of Life
03:13 Tree of Ages
04:18 Moon Well
05:23 Hunter's Hall
06:24 Ancient of Wind
06:40 Ancient of Lore
07:22 Tree of Eternity
07:24 Ancient of Lore
07:27 Ancient of Wonders
08:00 Moon Well
10:53 Moon Well
10:54 Moon Well
16:39 Tree of Life
16:47 Moon Well
16:47 Moon Well
20:03 Moon Well
20:03 Moon Well
20:42 Tree of Life
21:32 Tree of Life
21:40 Moon Well
21:40 Moon Well
21:41 Moon Well
21:42 Moon Well
22:18 Moon Well
25:38 Ancient of War
» items
| Boots of Speed | 1 | |
| Staff of Teleportation | 1 | |
| Lesser Clarity Potion | 1 | |
| Orb of Venom | 1 | |
| Potion of Healing | 2 | |
| Staff of Preservation | 1 | |
| Scroll of Healing | 3 | |
| Scroll of Protection | 1 | |
| Potion of Lesser Invulnerability | 2 | |
| Scroll of Town Portal | 2 | |
15 total
team 2 (loser)
cainjohnson (
yellow | 38 APM | 983 actions | 25:32)
3 Archmage
1 Summon Water Elemental
1 Brilliance Aura
1 Blizzard
3 Blood Mage
2 Flame Strike
1 Siphon Mana
1 Mountain King
1 Storm Bolt
» actions
| Assign group hotkey | 28 | |
| Basic commands | 79 | |
| Build / train | 87 | |
| Enter build submenu | 28 | |
| Enter hero's abilities submenu | 7 | |
| Remove unit from queue | 3 | |
| Right click | 146 | |
| Select / deselect | 198 | |
| Select group hotkey | 350 | |
| Use ability | 57 | |
983 total
» units
| Peasant | 13 | |
| Footman | 5 | |
| Goblin Shredder | 1 | |
| Knight | 11 | |
| Siege Engine | 7 | |
| Mortar Team | 2 | |
| Flying Machine | 2 | |
41 total
» upgrades
| Defend | 1 | |
| Plating | 3 | |
| Lumber Harvesting | 2 | |
| Gunpowder | 3 | |
| Masonry | 2 | |
| Barrage | 1 | |
| Animal War Training | 1 | |
| Fragmentation Shards | 1 | |
| Swords | 2 | |
| Flak Cannons | 1 | |
| Flying Machine Bombs | 1 | |
| Armor | 1 | |
19 total
» buildings
| Altar of Kings | 1 | |
| Barracks | 1 | |
| Farm | 12 | |
| Scout Tower | 8 | |
| Arcane Tower | 1 | |
| Lumber Mill | 1 | |
| Arcane Vault | 1 | |
| Town Hall | 1 | |
| Keep | 1 | |
| Guard Tower | 6 | |
| Blacksmith | 1 | |
| Castle | 1 | |
| Workshop | 3 | |
38 total
» build order
00:22 Altar of Kings
00:30 Barracks
00:46 Farm
01:01 Farm
01:46 Scout Tower
02:01 Farm
02:19 Arcane Tower
03:35 Lumber Mill
03:57 Arcane Vault
04:02 Scout Tower
04:32 Town Hall
04:42 Scout Tower
04:49 Keep
04:59 Scout Tower
05:12 Guard Tower
05:28 Guard Tower
05:35 Scout Tower
05:46 Guard Tower
05:55 Blacksmith
06:03 Farm
06:09 Guard Tower
07:12 Castle
07:52 Scout Tower
07:57 Farm
07:58 Farm
08:00 Farm
08:04 Workshop
09:07 Guard Tower
09:10 Scout Tower
10:20 Workshop
10:57 Workshop
11:15 Farm
11:17 Farm
11:18 Farm
11:19 Farm
11:24 Guard Tower
12:24 Scout Tower
14:08 Farm
» items
| Scroll of Regeneration | 1 | |
| Potion of Mana | 1 | |
| Potion of Healing | 1 | |
| Scroll of Town Portal | 1 | |
| Lesser Clarity Potion | 1 | |
5 total
Knight_Lite (
teal | 47 APM | 668 actions | 14:19)
4 Blademaster
2 Wind Walk
2 Critical Strike
2 Shadow Hunter
1 Healing Wave
1 Hex
» actions
| Basic commands | 2 | |
| Build / train | 56 | |
| Enter build submenu | 24 | |
| Enter hero's abilities submenu | 6 | |
| Give item / drop item | 4 | |
| Remove unit from queue | 1 | |
| Right click | 272 | |
| Select / deselect | 253 | |
| Use ability | 50 | |
668 total
» units
| Peon | 10 | |
| Grunt | 4 | |
| Goblin Shredder | 1 | |
| Wind Rider | 7 | |
| Troll Witch Doctor | 3 | |
| Shaman | 2 | |
27 total
» upgrades
| Ranged Weapons | 2 | |
| Armor | 2 | |
| Troll Regeneration | 1 | |
| Witch Doctor Training | 2 | |
| Shaman Training | 2 | |
| Envenomed Spears | 1 | |
10 total
» buildings
| Altar of Storms | 1 | |
| Orc Burrow | 7 | |
| Barracks | 1 | |
| Great Hall | 1 | |
| Voodoo Lounge | 1 | |
| Stronghold | 1 | |
| War Mill | 1 | |
| Beastiary | 2 | |
| Fortress | 1 | |
| Spirit Lodge | 2 | |
| Watch Tower | 5 | |
23 total
» build order
00:09 Altar of Storms
00:15 Orc Burrow
00:38 Barracks
01:28 Orc Burrow
03:05 Great Hall
03:30 Voodoo Lounge
04:04 Stronghold
04:09 War Mill
06:00 Orc Burrow
06:35 Beastiary
06:38 Beastiary
07:20 Fortress
07:59 Spirit Lodge
08:03 Spirit Lodge
08:08 Watch Tower
08:10 Watch Tower
08:57 Orc Burrow
09:06 Watch Tower
09:14 Orc Burrow
10:49 Orc Burrow
11:53 Orc Burrow
11:58 Watch Tower
12:42 Watch Tower
» items
| Healing Salve | 3 | |
| Boots of Speed | 1 | |
| Orb of Lightning | 1 | |
| Potion of Healing | 1 | |
6 total
razzledazzle (
red | 85 APM | 2164 actions | 25:35)
7 Blademaster
3 Wind Walk
3 Critical Strike
1 Bladestorm
» actions
| Assign group hotkey | 48 | |
| Basic commands | 18 | |
| Build / train | 61 | |
| ESC pressed | 1 | |
| Enter build submenu | 12 | |
| Enter hero's abilities submenu | 7 | |
| Give item / drop item | 3 | |
| Right click | 731 | |
| Select / deselect | 178 | |
| Select group hotkey | 1014 | |
| Use ability | 91 | |
2164 total
» units
| Peon | 8 | |
| Wind Rider | 10 | |
| Troll Batrider | 12 | |
30 total
» upgrades
| Envenomed Spears | 1 | |
| Ranged Weapons | 3 | |
| Armor | 2 | |
| Reinforced Defenses | 1 | |
| Liquid Fire | 1 | |
8 total
» buildings
| Altar of Storms | 1 | |
| Orc Burrow | 6 | |
| War Mill | 1 | |
| Stronghold | 1 | |
| Voodoo Lounge | 1 | |
| Beastiary | 3 | |
| Fortress | 1 | |
14 total
» build order
00:07 Altar of Storms
00:18 Orc Burrow
01:57 War Mill
02:06 Stronghold
02:09 Voodoo Lounge
02:19 Orc Burrow
04:29 Beastiary
04:32 Beastiary
04:35 Orc Burrow
04:37 Fortress
05:12 Beastiary
08:51 Orc Burrow
12:11 Orc Burrow
12:12 Orc Burrow
» items
| Healing Salve | 3 | |
| Lesser Clarity Potion | 3 | |
| Boots of Speed | 1 | |
| Potion of Healing | 3 | |
| Orb of Lightning | 1 | |
11 total

»
2thache (
green | 50 APM | 1289 actions | 25:39)
5 Blademaster
3 Wind Walk
2 Critical Strike
5 Shadow Hunter
3 Hex
2 Healing Wave
» actions
| Basic commands | 37 | |
| Build / train | 91 | |
| Enter build submenu | 30 | |
| Enter hero's abilities submenu | 10 | |
| Give item / drop item | 3 | |
| Right click | 657 | |
| Select / deselect | 355 | |
| Use ability | 106 | |
1289 total
» units
| Peon | 13 | |
| Wind Rider | 8 | |
| Goblin Shredder | 2 | |
| Troll Batrider | 2 | |
| Shaman | 4 | |
| Troll Headhunter/Berserker | 8 | |
| Grunt | 4 | |
| Troll Witch Doctor | 1 | |
42 total
» upgrades
| Armor | 2 | |
| Ranged Weapons | 1 | |
| Berserker Upgrade | 1 | |
| Envenomed Spears | 1 | |
| Shaman Training | 2 | |
| Liquid Fire | 1 | |
| Berserker Strength | 1 | |
| Troll Regeneration | 1 | |
| Witch Doctor Training | 2 | |
| Reinforced Defenses | 1 | |
| Spiked Barricades | 1 | |
14 total
» buildings
| Orc Burrow | 7 | |
| War Mill | 1 | |
| Altar of Storms | 2 | |
| Voodoo Lounge | 1 | |
| Stronghold | 1 | |
| Great Hall | 2 | |
| Beastiary | 5 | |
| Fortress | 1 | |
| Barracks | 2 | |
| Spirit Lodge | 1 | |
| Watch Tower | 8 | |
31 total
» build order
00:11 Orc Burrow
00:39 War Mill
00:51 Altar of Storms
01:36 Voodoo Lounge
02:17 Stronghold
02:30 Orc Burrow
03:14 Orc Burrow
04:34 Great Hall
04:59 Beastiary
05:07 Beastiary
08:11 Orc Burrow
08:13 Fortress
09:22 Barracks
09:24 Barracks
10:29 Spirit Lodge
12:37 Great Hall
16:39 Orc Burrow
16:45 Altar of Storms
16:57 Watch Tower
17:02 Watch Tower
17:26 Beastiary
17:29 Beastiary
17:33 Beastiary
17:40 Orc Burrow
18:25 Orc Burrow
19:18 Watch Tower
19:26 Watch Tower
19:33 Watch Tower
19:39 Watch Tower
21:05 Watch Tower
22:11 Watch Tower
» items
| Healing Salve | 4 | |
| Scroll of Speed | 2 | |
| Lesser Clarity Potion | 2 | |
| Boots of Speed | 1 | |
| Circlet of Nobility | 1 | |
| Scroll of Town Portal | 7 | |
| Orb of Lightning | 1 | |
| Potion of Healing | 2 | |
| Potion of Mana | 1 | |
21 total
Chat log
(00:11 / Allies) AmericaTheDerp: what units and heros
(00:27 / Allies) Switched: air
(00:31 / Allies) Switched: casters
(00:51 / All) TRUMP-WINS-WOOT: tehere be protesters right now at trump tower in NY
(01:03 / All) 2thache: good deport them
(01:04 / All) Knight_Lite: its not a problem
(01:32 / All) TRUMP-WINS-WOOT: i wanted trump over hilary but now i dunno, got a sick feeling to my stomach
(01:45 / All) AmericaTheDerp: rofl
(01:48 / All) Knight_Lite: relax we got til january b4 shit happens
(01:48 / All) AmericaTheDerp: i bet
(01:50 / All) 2thache: ebola probably
(02:35 / All) TRUMP-WINS-WOOT: its just literally anything can happen come janruary
(02:50 / All) Knight_Lite: not rly things r calm right now
(03:00 / All) TRUMP-WINS-WOOT: what do umean
(03:10 / All) Knight_Lite: u c putins speech?
(03:25 / All) TRUMP-WINS-WOOT: why would they like this tho
(03:30 / Allies) ajr1234: red is teching
(03:57 / All) Knight_Lite: apparantly the current admin was too toxic
(04:06 / All) AmericaTheDerp: to rednecks
(04:10 / Allies) ajr1234: orange come hit red
(04:12 / All) Knight_Lite: to russia
(04:24 / All) AmericaTheDerp: crazy
(04:40 / All) AmericaTheDerp: any other year if you said the GOP nominee was iun bed with russia they wouldve hung them
(04:52 / All) TRUMP-WINS-WOOT: cant obama not give up his chair
(04:59 / All) AmericaTheDerp: no man
(05:01 / All) AmericaTheDerp: this is america
(05:16 / All) AmericaTheDerp: and the whole democracy is wrong polls are rigged thing is obvama
(05:21 / All) AmericaTheDerp: is trumps*
(05:26 / All) Knight_Lite: things hav changed
(05:32 / All) Knight_Lite: putin was successful in syria
(05:52 / All) 2thache: umm blu?
(05:59 / All) AmericaTheDerp: dude im a 30 year old white small business owner whos straight and i think trumps going to be terrible
(06:03 / All) AmericaTheDerp: but what do i know
(06:06 / All) AmericaTheDerp: i got a masters degree
(06:21 / All) Knight_Lite: so
(06:24 / All) 2thache: wow masters
(06:25 / All) Knight_Lite: thats fine
(06:28 / All) AmericaTheDerp: forgot
(06:37 / All) AmericaTheDerp: conservatives hate anyone educated
(06:43 / All) Knight_Lite: lol nope
(06:56 / All) Knight_Lite: trump has a gr8 education
(07:06 / All) AmericaTheDerp: rofl
(07:07 / All) AmericaTheDerp: i bet
(07:33 / All) AmericaTheDerp: tis whatever
(08:39 / Allies) TRUMP-WINS-WOOT: tp
(10:13 / Allies) TRUMP-WINS-WOOT: lets hit expos
(10:46 / Allies) AmericaTheDerp: sure
(11:47 / Allies) AmericaTheDerp: they m,assing air
(11:53 / Allies) TRUMP-WINS-WOOT: one elf go mass hippo
(12:15 / Allies) AmericaTheDerp: mass wyv from 3 of them
(13:52 / Allies) AmericaTheDerp: i got ur base
(13:56 / Allies) Switched: :D
(17:25 / Allies) AmericaTheDerp: come
(17:38 / Allies) TRUMP-WINS-WOOT: hall
(17:43 / Allies) ajr1234: help y base
(18:05 / Allies) TRUMP-WINS-WOOT: dont tp tpink
(18:06 / Allies) TRUMP-WINS-WOOT: coming
(20:58 / Allies) AmericaTheDerp: im fine
(21:21 / All) 2thache: lol
(21:24 / Allies) AmericaTheDerp: green hero down
(21:28 / All) AmericaTheDerp: ;)
(22:21 / All) TRUMP-WINS-WOOT: tanks are such bs
(23:17 / Allies) TRUMP-WINS-WOOT: we need blue or purp to be with us
(23:27 / Allies) AmericaTheDerp: i got rejuv
(24:11 / All) TRUMP-WINS-WOOT: no pink
(24:12 / All) TRUMP-WINS-WOOT: god
(24:30 / All) TRUMP-WINS-WOOT: OMW
(25:36 / All) 2thache: gg
(25:39 / All) TRUMP-WINS-WOOT: gg